 Dungeon Crawl Stone Soup version 0.23.2-40-g277498a001 (webtiles) character file.

Game seed: 1307826591665283452

136 Hylith the Grasshopper (level 5, 0/43 HPs)
             Began as a Gnoll Warper on Aug 20, 2019.
             Was an Initiate of Makhleb.
             Slain by Duvessa
             ... wielding a +0 rapier
              (8 damage)
             ... on level 4 of the Dungeon on Aug 22, 2019.
             The game lasted 00:05:28 (2590 turns).

Hylith the Grasshopper (Gnoll Warper)               Turns: 2590, Time: 00:05:28

Health: 0/43       AC:  5    Str: 14    XL:     5   Next: 19%
Magic:  4/12       EV: 16    Int: 16    God:    Makhleb [......]
Gold:   129        SH:  0    Dex: 14    Spells: 9/14 levels left

rFire    . . .     SeeInvis .     - Unarmed
rCold    . . .     Gourm    .   (no shield)
rNeg     . . .     Faith    .   l - +0 ring mail
rPois    .         Spirit   .   (no helmet)
rElec    .         Reflect  .   (no cloak)
rCorr    .         Harm     .   (no gloves)
MR       .....                  (no boots)
Stlth    +.........             q - amulet of magic regeneration
HPRegen  0.14/turn              t - +3 ring of evasion
MPRegen  0.38/turn              (no ring)

@: very slightly contaminated
A: distributed training, fangs 1, strong nose
a: Renounce Religion


You were on level 4 of the Dungeon.
You worshipped Makhleb.
Makhleb was noncommittal.
You were hungry.

You visited 1 branch of the dungeon, and saw 4 of its levels.

You collected 129 gold pieces.

Inventory:

Hand Weapons
 r - a +1 dagger of protection
Missiles
 d - 5 tomahawks of dispersal (quivered)
Armour
 l - a +0 ring mail (worn)
Jewellery
 q - an amulet of magic regeneration (around neck)
 t - a +3 ring of evasion (left hand)
Scrolls
 b - a scroll of enchant weapon {unknown}
 c - 2 scrolls of blinking
 g - 6 scrolls of identify {unknown}
 h - 2 scrolls of teleportation {unknown}
 j - a scroll of remove curse {unknown}
 m - a scroll of noise {unknown}
 n - a scroll of amnesia {unknown}
 o - a scroll of enchant armour {unknown}
 s - a scroll of fear {unknown}
 u - a scroll of magic mapping {unknown}
 v - 3 scrolls of random uselessness {unknown}
Potions
 e - 2 potions of haste {unknown}
 i - a potion of invisibility {unknown}
 k - a potion of curing {unknown}
 p - a potion of cancellation {unknown}
 w - a potion of magic {unknown}
Comestibles
 f - 9 rations


   Skills:
 + Level 4.7 Fighting
 + Level 1.3 Short Blades
 + Level 1.3 Long Blades
 + Level 1.3 Axes
 + Level 1.3 Maces & Flails
 + Level 1.3 Polearms
 + Level 1.3 Staves
 + Level 1.3 Slings
 + Level 1.3 Bows
 + Level 1.3 Crossbows
 + Level 2.9 Throwing
 + Level 2.9 Armour
 + Level 4.7 Dodging
 + Level 1.3 Stealth
 + Level 1.3 Shields
 + Level 4.7 Unarmed Combat
 + Level 5.1 Spellcasting
 + Level 1.1 Conjurations
 + Level 1.1 Hexes
 + Level 1.1 Charms
 + Level 1.1 Summonings
 + Level 1.1 Necromancy
 + Level 5.5 Translocations
 + Level 1.1 Transmutations
 + Level 1.1 Fire Magic
 + Level 1.1 Ice Magic
 + Level 1.1 Air Magic
 + Level 1.1 Earth Magic
 + Level 1.1 Poison Magic
 + Level 1.5 Invocations
 + Level 1.3 Evocations


You had 9 spell levels left.
You knew the following spells:

 Your Spells              Type           Power        Failure   Level  Hunger
b - Blink                 Tloc           N/A          4%          2    #......
o - Teleport Other        Tloc           ###.....     10%         3    ###....

Your spell library contained the following spells:

 Spells                   Type           Power        Failure   Level  Hunger
 Gell's Gravitas          Tloc           ###.......   10%         3    ###....
 Lesser Beckoning         Tloc           ###.......   10%         3    ###....
 Shroud of Golubria       Chrm/Tloc      ##........   12%         2    #......
 Passage of Golubria      Tloc           N/A          30%         4    ####...


Dungeon Overview and Level Annotations

Branches:
Dungeon (4/15)
 Temple: D:4-7

Altars:
Makhleb
Yredelemnul

Annotations:
D:3 Sigmund
D:4 Dowan, Duvessa, Edmund


Innate Abilities, Weirdness & Mutations

Your experience applies equally to all skills.
You have very sharp teeth.
Your uncanny sense of smell can sniff out nearby items.


Message History

Aim: Duvessa, wielding a +0 rapier, wearing a +0 leather armour and carrying a wand of random effects (19) (moderately wounded, fast, chance to defeat MR: 42%)
You miscast Teleport Other.
You are very lightly contaminated with residual magic.
Your skin tingles.
Duvessa barely misses you.
Casting: Teleport Other (safe; 10% risk of failure)
Confirm with . or Enter, or press ? or * to list all spells.
Aiming: Teleport Other (safe; 10% risk of failure)
Press: ? - help, Shift-Dir - straight line, f/p - Duvessa
Aim: Duvessa, wielding a +0 rapier, wearing a +0 leather armour and carrying a wand of random effects (19) (moderately wounded, fast, chance to defeat MR: 42%) Duvessa resists with some effort.
Duvessa misses you. Duvessa hits you but does no damage.
Casting: Teleport Other (safe; 10% risk of failure)
Confirm with . or Enter, or press ? or * to list all spells.
Aiming: Teleport Other (safe; 10% risk of failure)
Press: ? - help, Shift-Dir - straight line, f/p - Duvessa
Aim: Duvessa, wielding a +0 rapier, wearing a +0 leather armour and carrying a wand of random effects (19) (moderately wounded, fast, chance to defeat MR: 42%) Duvessa looks slightly unstable.
Duvessa hits you with a +0 rapier.
* * * LOW HITPOINT WARNING * * *
Duvessa hits you with a +0 rapier!
You die...

####### .......
###....... #.e.......
##### #.#.......
#...# #@#....... ##
#...####e#.......
...##...##.@.#.......
#..........###.<.....
.###...#### .......
#...# ....... #..<#
##..# #<.# .... ∆
.###.


You could see Edmund, Duvessa and Dowan.

Vanquished Creatures
  Terence (D:3)
  5 adders
  A dart slug (D:1)
  3 leopard geckos
  2 orcs (D:3)
  4 giant cockroaches
  5 goblins
  7 hobgoblins
  3 jackals (D:2)
  A ball python (D:1)
  10 bats
  8 frilled lizards
  2 gnoll zombies (D:3)
  8 kobolds
  A rat (D:3)
61 creatures vanquished.

Vanquished Creatures (others)
  A fungus (D:4)
1 creature vanquished.

Grand Total: 62 creatures vanquished

Notes
Turn   | Place    | Note
-------+----------+-------------------------------------------
     0 | D:1      | Hylith the Gnoll Warper began the quest for the Orb.
     0 | D:1      | Reached XP level 1. HP: 20/20 MP: 6/6
    49 | D:1      | Reached XP level 2. HP: 20/26 MP: 7/7
   542 | D:1      | Reached XP level 3. HP: 24/31 MP: 9/9
   701 | D:1      | Reached skill level 5 in Spellcasting
  1007 | D:2      | Reached skill level 1 in Invocations
  1042 | D:2      | Reached skill level 1 in Short Blades
  1042 | D:2      | Reached skill level 1 in Long Blades
  1042 | D:2      | Reached skill level 1 in Axes
  1042 | D:2      | Reached skill level 1 in Maces & Flails
  1042 | D:2      | Reached skill level 1 in Polearms
  1042 | D:2      | Reached skill level 1 in Staves
  1042 | D:2      | Reached skill level 1 in Slings
  1042 | D:2      | Reached skill level 1 in Bows
  1042 | D:2      | Reached skill level 1 in Crossbows
  1042 | D:2      | Reached skill level 1 in Stealth
  1042 | D:2      | Reached skill level 1 in Shields
  1042 | D:2      | Reached skill level 1 in Evocations
  1266 | D:2      | Reached XP level 4. HP: 33/38 MP: 11/11
  1596 | D:3      | Learned a level 2 spell: Blink
  1600 | D:3      | Learned a level 3 spell: Teleport Other
  1624 | D:3      | Noticed Terence
  1640 | D:3      | Killed Terence
  1640 | D:3      | Reached skill level 1 in Conjurations
  1640 | D:3      | Reached skill level 1 in Hexes
  1640 | D:3      | Reached skill level 1 in Charms
  1640 | D:3      | Reached skill level 1 in Summonings
  1640 | D:3      | Reached skill level 1 in Necromancy
  1640 | D:3      | Reached skill level 1 in Transmutations
  1640 | D:3      | Reached skill level 1 in Fire Magic
  1640 | D:3      | Reached skill level 1 in Ice Magic
  1640 | D:3      | Reached skill level 1 in Air Magic
  1640 | D:3      | Reached skill level 1 in Earth Magic
  1640 | D:3      | Reached skill level 1 in Poison Magic
  1923 | D:3      | Reached XP level 5. HP: 38/43 MP: 12/12
  1993 | D:3      | Found a faded altar of an unknown god.
  2003 | D:3      | Noticed Sigmund
  2072 | D:3      | Found a burning altar of Makhleb.
  2126 | D:3      | Became a worshipper of Makhleb the Destroyer
  2344 | D:3      | Found a basalt altar of Yredelemnul.
  2570 | D:4      | Noticed Duvessa
  2570 | D:4      | Noticed Dowan
  2578 | D:4      | Noticed Edmund
  2590 | D:4      | Slain by Duvessa

Skill      XL: |  1  2  3  4 |
---------------+-------------+-----
Spellcasting   | 5 |  5.1
Invocations    | 1 |  1.5
Short Blades   | 1 |  1.3
Long Blades    | 1 |  1.3
Axes           | 1 |  1.3
Maces & Flails | 1 |  1.3
Polearms       | 1 |  1.3
Staves         | 1 |  1.3
Slings         | 1 |  1.3
Bows           | 1 |  1.3
Crossbows      | 1 |  1.3
Stealth        | 1 |  1.3
Shields        | 1 |  1.3
Evocations     | 1 |  1.3
Conjurations   | 1 |  1.1
Hexes          | 1 |  1.1
Charms         | 1 |  1.1
Summonings     | 1 |  1.1
Necromancy     | 1 |  1.1
Transmutations | 1 |  1.1
Fire Magic     | 1 |  1.1
Ice Magic      | 1 |  1.1
Air Magic      | 1 |  1.1
Earth Magic    | 1 |  1.1
Poison Magic   | 1 |  1.1
Fighting       | |  4.7
Throwing       | |  2.9
Armour         | |  2.9
Dodging        | |  4.7
Unarmed Combat | |  4.7
Translocations | |  5.5

Action                   |  1- 3 |  4- 6 || total
-------------------------+-------+-------++-------
Melee: Unarmed           |   113 |   114 ||   227
       Bite              |     6 |     8 ||    14
       Punch             |       |     3 ||     3
 Cast: Teleport Other    |       |     4 ||     4
 Stab: Sleeping          |     1 |     1 ||     2
  Eat: Chunk             |     1 |     4 ||     5
Armor: Leather armour    |    14 |       ||    14
       Ring mail         |    22 |    15 ||    37
Dodge: Dodged            |   111 |    85 ||   196
